 Dungeon Crawl Stone Soup version 0.17-a0-1849-g8a24fa2 (webtiles) character file.

53 AvaKnavely the Cutter (level 4, -1/29 HPs)
             Began as a Kobold Abyssal Knight on Sept 18, 2015.
             Was a Believer of Lugonu.
             Succumbed to a big kobold's poison
             ... in a sewer.
             The game lasted 00:04:28 (2023 turns).

AvaKnavely the Cutter (Kobold Abyssal Knight)       Turns: 2023, Time: 00:04:28

Health: -1/29      AC:  3    Str: 10    XL:     4   Next: 10%
Magic:  6/6        EV: 14    Int: 18    God:    Lugonu [**....]
Gold:   118        SH:  0    Dex: 16    Spells: 0 memorised, 3 levels left

rFire  . . .     SeeInvis .     a - +1 short sword
rCold  . . .     Clarity  .     b - +0 leather armour
rNeg   . . .     SustAt   .     (shield restricted)
rPois  .         Gourm    .     (no helmet)
rElec  .         Spirit   .     (no cloak)
rCorr  .         Warding  .     (no gloves)
rMut   .         Stasis   .     (no boots)
MR     .....                    (no amulet)
Stlth  +.........               (no ring)
                                d - +3 ring of intelligence

@: brilliant, lethally poisoned (-1 -> -40), not resistant to hostile
enchantments, very unstealthy
A: carnivore 3
a: Depart the Abyss, Bend Space, Renounce Religion


You were in a sewer.
You worshipped Lugonu.
Lugonu was pleased with you.
You were very full.

You visited 1 branch of the dungeon, and saw 3 of its levels.
You visited the Abyss 1 time.
You also visited: Sewer.

You collected 118 gold pieces.

Inventory:

Hand weapons
 a - a +1 short sword (weapon)
 e - a +0 dagger
 j - a +0 hunting sling of flaming
Armour
 b - a +0 leather armour (worn)
Jewellery
 d - a +3 ring of intelligence (left hand)
Scrolls
 g - 2 scrolls of remove curse
 k - a scroll of immolation
 n - a scroll of blinking
Potions
 f - a potion of mutation
 i - a potion of degeneration {unknown}
 o - a potion of invisibility
Comestibles
 c - a meat ration
 l - 2 beef jerkies


   Skills:
 + Level 3.8 Fighting
 * Level 4.0 Short Blades
 - Level 0.7 Armour
 - Level 2.4 Dodging
 + Level 3.0 Invocations


You had 3 spell levels left.
You didn't know any spells.

Dungeon Overview and Level Annotations

Branches:
Dungeon (3/15)

Altars:


Innate Abilities, Weirdness & Mutations

You are small and have problems with some larger weapons.
You are carnivorous and can eat meat at any time.


Message History

You are poisoned.
Your unstable footing causes you to fumble your attack.
You feel sick.
The big kobold hits you with a dagger of venom.
You are lethally poisoned!
Your unstable footing causes you to fumble your attack.
You feel sick. The big kobold completely misses you.
You barely miss the big kobold.
The big kobold is moderately wounded.
* * * LOW HITPOINT WARNING * * *
You feel sick.
Your unstable footing causes you to fumble your attack.
* * * LOW HITPOINT WARNING * * *
You feel sick.
The big kobold hits you with a dagger of venom.
* * * LOW HITPOINT WARNING * * *
You are more poisoned.
It was a potion of brilliance.
You feel clever all of a sudden.
You die...

#≈# #≈# #≈# #≈# #≈# #≈# #≈#
#≈# #@# #K# #K# #########≈##
#.≈≈.≈≈(.≈.#######
#.≈≈≈≈≈.≈≈≈≈.....#######
#≈≈≈≈≈K≈≈≈≈≈≈≈≈≈≈≈≈≈≈≈≈#
.....≈≈≈≈≈≈≈≈≈≈≈≈≈≈≈≈≈≈≈≈≈≈≈
...#≈≈≈≈≈≈≈≈≈≈≈≈≈≈≈≈≈≈≈≈≈###


You could see a big kobold and a kobold.

Vanquished Creatures
  5 giant geckos
  5 bats
  7 hobgoblins
  A jackal (Sewer)
  A kobold (D:2)
  2 quokkas (D:2)
  3 giant cockroaches
  6 giant newts
  5 goblins
  11 rats
46 creatures vanquished.

Notes
Turn   | Place    | Note
--------------------------------------------------------------
     0 | Abyss:1  | AvaKnavely the Kobold Abyssal Knight began the quest for the Orb.
     0 | Abyss:1  | Reached XP level 1. HP: 14/14 MP: 2/2
     1 | Abyss:1  | Found a corrupted altar of Lugonu.
    51 | Abyss:1  | Found a corrupted altar of Lugonu.
    76 | Abyss:1  | Noticed a flying skull
    77 | Abyss:1  | Noticed a lich
    77 | Abyss:1  | Noticed a raiju
    78 | D:1      | Escaped the Abyss
   229 | D:2      | Reached XP level 2. HP: 5/19 MP: 3/3
   588 | D:1      | Acquired Lugonu's first power
   777 | D:1      | Reached XP level 3. HP: 21/23 MP: 4/4
  1900 | D:3      | Found a glowing drain.
  1911 | D:3      | Reached XP level 4. HP: 25/29 MP: 6/6
  1925 | Sewer    | Entered a sewer
  1936 | Sewer    | Acquired Lugonu's second power
  1987 | Sewer    | Noticed a big kobold
  2014 | Sewer    | Reached skill level 4 in Short Blades
  2022 | Sewer    | HP: 1/29 [big kobold/dagger of venom (5)]
  2023 | Sewer    | Succumbed to a big kobold's poison

Vault maps used:
D:1:      matt_arrival_debris
D:3:      gammafunk_temple_overflow_wave, portal_sewer_entry_f,
          grunt_ministairs_11
Abyss:1:  minivault_26
Sewer:    sewer_kobolds

Action                   |  1- 3 |  4- 6 || total
-------------------------+-------+-------++-------
Melee: Short sword       |   147 |    32 ||   179
Invok: Depart the Abyss  |     1 |       ||     1
  Use: Scroll            |     2 |     4 ||     6
       Potion            |       |     1 ||     1
  Eat: Chunk             |     9 |     2 ||    11
